Unix NetHack Version 5.0.0-0 post-release - last build May 31 2026 23:59:36 (970b52f25bf058293b47ddfd14a1e40e571c508c,branch:main).

Game began 2026-06-06 12:43:31, ended 2026-06-06 13:00:47.

Jobair, lawful female dwarven Archeologist

                                                           ----------
                                  ---------------  q@##f###.........|
                   --------.--    |..............##q       |......>.|
                   |.........|    |.............|         #-....*...|
    -----          |..........   #.........{....-#        #------.---
    |??.|          |.........|#  #|...........(.|         ##     ###
    |+..|          |..........####-.----.--------          #       #
    |?+.|          |.........|  0 #                        #       #
    |??.-####      -..--------                             #   ----|----
    |?+.|   #       #                                      #   |.......|
    -----   #       #                                      #   |.......|
            ###     #                                      #   |.......|
              #     #                                ------#   |.......|
              #  ---.-------                         |..<.|#   |.......|
              #  |.........|                         ......#   |.......|
              ###|.........|                         |....|    ---------
                #..........|                         ------
                 -----------

Jobair the Field Worker    St:14 Dx:10 Co:13 In:14 Wi:16 Ch:8  Lawful
Dlvl:5  $:82 HP:0(37) Pw:13(13) AC:8  Xp:4 T:2107  Hungry  

Latest messages:
 The dart hits the floating eye.
 In what direction? 6
 The dart misses the floating eye.
 In what direction? 6
 The dart hits the floating eye.
 In what direction? 6
 The dart hits the floating eye.
 In what direction? 6
 You flick your bullwhip towards the floating eye.
 You kill the floating eye!
 There is a floating eye corpse here; eat it? [ynq] (n) y
 This floating eye corpse is stringy.
 You finish eating the floating eye corpse.
 You feel a strange mental acuity.
 p - 4 uncursed darts (at the ready).
 Godzilla misses the coyote.
 You swap places with Godzilla.
 The coyote bites!
 You miss the coyote.
 The coyote bites!
 You kill the coyote!
 You see here a coyote corpse.
 The coyote bites!
 You miss the coyote.
 The coyote bites!
 You lash the coyote.
 The coyote bites!
 You lash the coyote.
 The coyote bites!
 You kill the coyote!
 The rothe hits!
 The rothe just misses!
 The rothe just misses!
 You lash the rothe.
 The rothe hits!
 The rothe bites!
 The rothe bites again!
 You lash the rothe.
 The rothe hits!
 The rothe bites!
 The rothe misses!
 The rothe hits!
 The rothe bites!
 The rothe bites again!
 You die...
 Do you want your possessions identified? [ynq] (y) y
 Do you want to see your attributes? [ynq] (y) y
 Do you want an account of creatures vanquished? [ynaq] (y) y
 Do you want to see your conduct and achievements? [ynq] (y) y
 Do you want to see the dungeon overview? [ynq] (y) y

Inventory:
 Coins    ('$')
  $ - 82 gold pieces
 Weapons  (')')
  s - 9 +0 arrows
  p - 4 +0 darts (at the ready)
  z - a +0 orcish dagger
  a - a +2 bullwhip (weapon in right hand)
  B - a +0 flail
 Armor    ('[')
  c - an uncursed +0 fedora
  k - an uncursed +0 orcish helm (being worn)
  y - an uncursed +0 orcish helm
  A - an uncursed +0 orcish helm
  h - an uncursed +0 leather jacket (being worn)
 Comestibles  ('%')
  d - 2 uncursed food rations
  C - an uncursed lembas wafer
  m - a cursed egg
 Scrolls  ('?')
  l - an uncursed scroll of create monster
  G - an uncursed scroll of enchant armor
  o - an uncursed scroll of teleportation
 Rings    ('=')
  E - a cursed -1 ring of adornment
  F - an uncursed ring of free action
 Wands    ('/')
  x - a wand of fire (0:4)
 Tools    ('(')
  b - an uncursed sack containing 1 item
  w - an uncursed magic whistle
  t - a cursed oil lamp
  i - an uncursed tin opener
  f - a tinning kit (0:60)
 Gems/Stones  ('*')
  j - a cursed worthless piece of yellow glass
  u - an uncursed worthless piece of yellowish brown glass
  g - an uncursed touchstone

Contents of the sack:
  a +0 pick-axe

Jobair the Archeologist's attributes:

Background:
 You were a Field Worker, a level 4 female dwarven Archeologist.
 You were lawful, on a mission for Quetzalcoatl
 who was opposed by Camaxtli (neutral) and Huhetotl (chaotic).
 You were right-handed.
 You were in the Dungeons of Doom, on level 5.
 You entered the dungeon 2107 turns ago.
 You had 116 experience points, 44 more were needed to attain level 5.

Basics:
 You had 0 out of 37 hit points.
 You had all 13 energy points (spell power).
 Your armor class was 8.
 Your wallet contained 82 zorkmids.
 Autopickup was off.

Final Characteristics:
 Your strength was 14 (limit:18/100).
 Your dexterity was 10 (limit:20).
 Your constitution was 13 (limit:20).
 Your intelligence was 14 (limit:16).
 Your wisdom was 16 (limit:16).
 Your charisma was 8 (limit:16).

Final Status:
 You were hungry.
 You were unencumbered.
 You were wielding a whip.
 You had basic skill with whip.

Final Attributes:
 You were piously aligned.
 You were telepathic.
 You had automatic searching.
 You had infravision.
 You are dead.

Miscellaneous:
 You didn't encounter any bones levels.
 Total elapsed playing time was 17 minutes and 14 seconds.

Major events:
 Turn
    1: Jobair the lawful female dwarven Archeologist entered the dungeon
  676: attained the rank of Field Worker (level 3)
 2107: killed by a rothe

You didn't know any spells.

Skills:
 Fighting Skills
   bare handed combat [Unskilled]
   two weapon combat  [Unskilled]
   riding             [Unskilled]
 Weapon Skills
   dagger             [Unskilled]
   knife              [Unskilled]
   pick-axe           [Basic]
   short sword        [Unskilled]
   saber              [Unskilled]
   club               [Unskilled]
   quarterstaff       [Unskilled]
   sling              [Unskilled]
   dart               [Unskilled]
   boomerang          [Unskilled]
   whip               [Basic]
   unicorn horn       [Unskilled]
 Spellcasting Skills
   attack spells      [Unskilled]
   healing spells     [Unskilled]
   divination spells  [Unskilled]
   matter spells      [Unskilled]

Voluntary challenges:
 Character rerolling was not enabled.
 You never genocided any monsters.
 You never polymorphed an object.
 You never changed form.
 You used no wishes.
Achievements:
 You attained the rank of Field Worker.
 You entered a shop.

 The Dungeons of Doom: levels 1 to 5
    Level 1:
       A fountain.
    Level 2:
       An altar to Quetzalcoatl, a fountain.
    Level 3:
       Some fountains.
    Level 4:
       A fountain.
    Level 5: <- You were here.
       A scroll shop, a fountain.
       Final resting place for
          you, killed by a rothe.


Vanquished creatures:
  a rock piercer
  a rock mole
  2 floating eyes
 an orc zombie
  a wererat
  5 coyotes
  a gas spore
  a large kobold
  a cave spider
  2 yellow molds
  a gnome zombie
  2 geckos
  5 jackals
  2 kobolds
  3 goblins
  6 grid bugs
  2 lichens
  5 newts
42 creatures vanquished.

No species were genocided or became extinct.

Game over:
                       ----------
                      /          \
                     /    REST    \
                    /      IN      \
                   /     PEACE      \
                  /                  \
                  |      Jobair      |
                  |      82 Au       |
                  |   killed by a    |
                  |      rothe       |
                  |                  |
                  |                  |
                  |       2026       |
                 *|     *  *  *      | *
        _________)/\\_//(\/(/\)/\//\/|_)_______

Goodbye Jobair the Archeologist...

You died in The Dungeons of Doom on dungeon level 5 with 738 points,
and 82 pieces of gold, after 2107 moves.
You were level 4 with a maximum of 37 hit points when you died.

